 Dungeon Crawl Stone Soup version 0.26-a0-611-g354ed81 (webtiles) character file.

Game seed: 15442354142631132514

93 B1Gdaddy5 the Cutter (level 4, 0/30 HPs)
             Began as a Halfling Warper on Sept 5, 2020.
             Killed from afar by Natasha (5 damage)
             ... with a magic dart
             ... on level 2 of the Dungeon.
             The game lasted 00:17:05 (2128 turns).

B1Gdaddy5 the Cutter (Halfling Warper)              Turns: 2128, Time: 00:17:05

Health: 0/30       AC:  6    Str: 12    XL:     4   Next: 92%
Magic:  7/7        EV: 15    Int: 12    God:
Gold:   94         SH:  0    Dex: 13    Spells: 7/7 levels left

rFire    . . .     SeeInvis .   m - +0 short sword
rCold    . . .     Faith    .   (shield restricted)
rNeg     . . .     Spirit   .   b - +0 leather armour
rPois    .         Reflect  .   k - +0 helmet
rElec    .         Harm     .   t - +0 cloak {Stlth+}
rCorr    .                      (no gloves)
MR       .....                  a - +0 pair of boots
Stlth    +.........             (no amulet)
HPRegen  0.10/turn              (no ring)
MPRegen  0.10/turn              (no ring)

@: no status effects
A: small, mutation resistance 1
a: no special abilities


You were on level 2 of the Dungeon.
You visited 1 branch of the dungeon, and saw 2 of its levels.

You collected 94 gold pieces.

Inventory:

Hand Weapons
 m - a +0 short sword (weapon)
 r - a +4 quarterstaff of chaos
Missiles
 e - 5 boomerangs of dispersal (quivered)
 o - 61 sling bullets
Armour
 a - a +0 pair of boots (worn)
 b - a +0 leather armour (worn)
 k - a +0 helmet (worn)
 n - a +0 cloak
 t - a +0 cloak of stealth (worn)
Scrolls
 d - a scroll of blinking
 f - a scroll of teleportation {unknown}
 g - 2 scrolls of remove curse {unknown}
 i - a scroll of enchant weapon {unknown}
 l - a scroll of magic mapping {unknown}
 q - a scroll of amnesia {unknown}
 s - a scroll of fear {unknown}
Potions
 c - 2 potions of haste
 h - a potion of berserk rage
 j - 2 potions of might
 p - a potion of resistance


   Skills:
 + Level 2.3 Fighting
 + Level 3.7 Short Blades
 + Level 1.0 Throwing
 + Level 2.1 Armour
 + Level 2.8 Dodging
 + Level 2.0 Spellcasting
   Level 3.2 Translocations


You had 7 spell levels left.
You didn't know any spells.
Your spell library contained the following spells:

 Spells                   Type           Power        Failure   Level
 Blink                    Tloc           N/A          14%         2
 Gell's Gravitas          Tloc           #.........   26%         3
 Lesser Beckoning         Tloc           #.........   26%         3
 Teleport Other           Tloc           #.......     26%         3
 Passage of Golubria      Tloc           N/A          65%         4


Dungeon Overview and Level Annotations

Branches:
Dungeon (2/15)

Altars:

Annotations:
D:2 Natasha


Innate Abilities, Weirdness & Mutations

You are small and have problems with some larger weapons.
You are somewhat resistant to further mutation.


Message History

The white imp gestures at you. The puff of frost misses you.
Natasha mumbles some strange words.
Natasha shimmers violently.
Natasha misses you. The white imp gestures at you. The puff of frost hits you.
Natasha claws you!
An adder comes into view.
You see here a rat corpse.
The leopard gecko hisses angrily.
Natasha growls.
Natasha casts a spell at you. The magic dart hits you!
Natasha casts a spell at you. The magic dart hits you.
* * * LOW HITPOINT WARNING * * *
The white imp grins evilly.
Natasha casts a spell at you. The magic dart hits you.
You die...

#........ .....o#..# #.#......
#.......8 ..8.. #..###......>.
#....... .... ##......##.....
#......#########..####.##...(.
#................#####........
..#.............................
.............#.......#...#......
......?..5.†.#######............
..###.####..h..@...............(
#.. ########..##........... #.
####............... #.
####........#......... .
..........###....).... ..
##.......# #.....>...
....#####.###.........
......................
....................


You could see Natasha and a white imp (summoned).

Vanquished Creatures
  Crazy Yiuf (D:2)
  3 adders (D:2)
  A dart slug (D:1)
  5 bats
  3 giant cockroaches
  3 hobgoblins
  2 quokkas (D:2)
  A frilled lizard (D:2)
  8 goblins
  5 kobolds
  4 rats
36 creatures vanquished.

Notes
Turn   | Place    | Note
-------+----------+-------------------------------------------
     0 | D:1      | B1Gdaddy5 the Halfling Warper began the quest for the Orb.
     0 | D:1      | Reached XP level 1. HP: 14/14 MP: 3/3
   324 | D:1      | Reached XP level 2. HP: 19/19 MP: 4/4
   752 | D:1      | Reached XP level 3. HP: 22/24 MP: 5/5
  1497 | D:2      | Reached XP level 4. HP: 20/29 MP: 7/7
  1821 | D:2      | Found a runed translucent door.
  1822 | D:2      | Noticed Crazy Yiuf
  1845 | D:2      | Killed Crazy Yiuf
  2115 | D:2      | Noticed Natasha
  2128 | D:2      | Killed from afar by Natasha

Illustrated notes

Levels and vault maps discovered:
D:1:      elethiomel_arrival_infinity_welcomes_careful_drivers, layout_basic
D:2:      cheibrodos_pilgrimage, layout_rooms, uniq_crazy_yiuf_cottage,
          uniq_natasha

Skill      XL: |  1  2  3  4 |
---------------+-------------+-----
Fighting       | 2 |  2.3
Short Blades   | 3 |  3.7
Spellcasting   | 2 |  2.0
Armour         | 2 |  2.1
Throwing       | |  1.0
Dodging        | |  2.8
Translocations | |  3.2

Action                   |  1- 3 |  4- 6 || total
-------------------------+-------+-------++-------
Melee: Short sword       |   117 |    37 ||   154
  Use: Scroll            |     4 |       ||     4
       Potion            |       |     2 ||     2
Armor: Leather armour    |    47 |    11 ||    58
Dodge: Dodged            |    90 |    44 ||   134

Table legend: (Time is in decaauts)
 A = Elapsed time spent in this place.
 B = Non-inter-level travel time spent in this place.
 C = Inter-level travel time spent in this place.
 D = Time resting spent in this place.
 E = Time spent auto-exploring this place.
 F = Levels seen in this place.
 G = Mean time per level.
                   A        B        C        D        E       F      G
               +--------+--------+--------+--------+--------+-----+--------+
         Total |   2117 |   2052 |     65 |    806 |    636 |   2 | 1058.5 |
       Dungeon |   2117 |   2052 |     65 |    806 |    636 |   2 | 1058.5 |
               +--------+--------+--------+--------+--------+-----+--------+

Top non-repeatable levels by time:
     D:1: 1110 daAuts
     D:2: 1006 daAuts
